 Dungeon Crawl Stone Soup version 0.18-a0-1211-g828307d (webtiles) character file.

68 Gagarin the Ruffian (level 4, 0/37 HPs)
             Began as a Ghoul Gladiator on Feb 2, 2016.
             Slain by an adder (3 damage)
             ... on level 3 of the Dungeon.
             The game lasted 00:05:33 (1667 turns).

Gagarin the Ruffian (Ghoul Gladiator)               Turns: 1667, Time: 00:05:33

Health: 0/37       AC:  4    Str: 18    XL:     4   Next: 19%
Magic:  3/3        EV: 12    Int:  4    God:
Gold:   71         SH:  0    Dex:  9    Spells: 0 memorised, 3 levels left

rFire  . . .     SeeInvis .       - Unarmed
rCold  + . .     Gourm    .     a - +0 leather armour
rNeg   + + +     Faith    .     (no shield)
rPois  ∞         Spirit   .     b - +0 helmet
rElec  .         Dismiss  .     (no cloak)
rCorr  .         Reflect  .     (no gloves)
SustAt .         Harm     .     (no boots)
MR     .....                    (no amulet)
Stlth  +.........               (no ring)
                                (no ring)

@: very slightly contaminated, rotting, invisible, not resistant to hostile
enchantments, very unstealthy
A: rotting body, claws 1, carnivore 3, cold resistance 1, negative energy
resistance 3, slow regeneration 1, torment resistance, unbreathing
a: no special abilities


You were on level 3 of the Dungeon.
You were not hungry.

You visited 1 branch of the dungeon, and saw 3 of its levels.

You collected 71 gold pieces.

Inventory:

Missiles
 c - 3 throwing nets (quivered)
 f - 7 javelins
Armour
 a - a +0 leather armour (worn)
 b - a +0 helmet (worn)
 e - a +0 pair of gloves
Scrolls
 h - 2 scrolls of identify {unknown}
 k - a scroll of immolation {unknown}
 l - a scroll of enchant weapon {unknown}
Potions
 i - a potion of invisibility
Comestibles
 d - 2 meat rations
 j - a chunk of flesh


   Skills:
 + Level 2.5 Fighting
 + Level 1.8 Throwing
 + Level 1.0 Armour
 + Level 3.4 Dodging
 + Level 4.1 Unarmed Combat


You had 3 spell levels left.
You didn't know any spells.

Dungeon Overview and Level Annotations

Branches:
Dungeon (3/15)

Altars:


Innate Abilities, Weirdness & Mutations

Your body is rotting away.
You thrive on raw meat.
You are immune to poison.
You have sharp fingernails.
You are carnivorous and can eat meat at any time.
Your flesh is cold resistant.
You are immune to negative energy.
You regenerate slowly when monsters are visible.
You are immune to unholy pain and torment.
You can survive without breathing.


Message History

The adder bites you but does no damage. The adder bites you but does no damage.
The adder bites you but does no damage. The adder barely misses you.
Drink which item? (? for menu, Esc to quit)
It was a potion of invisibility.
You fade into invisibility!
The adder closely misses you.
You are very lightly contaminated with residual magic.
The adder bites you.
* * * LOW HITPOINT WARNING * * *
The adder bites you.
* * * LOW HITPOINT WARNING * * *
The adder closely misses you. The adder barely misses you.
Drink which item? (? for menu, Esc to quit)
It was a potion of curing.
You feel better. The adder bites you.
* * * LOW HITPOINT WARNING * * *
The adder bites you.
You die...

.. #### .. #... ## #.#
######## #... ####.##.##
#......# #... .........#
#.####.# #... .........# #.#
#.# #...
.........#######.####.# #...
...........@S......##.###...
...(.....#######.#.##.##....
.......%.# #.#.##.##.###
........%# #......##.###
.........# ###.#####.##.
.?.......# #.# #.##.
######...# #.# #.##. ....<
##.# #.##. ......
##..#####.##.


You could see an adder.

Vanquished Creatures
  An adder (D:2)
  An ooze (D:3)
  3 worms
  A giant gecko (D:2)
  2 ball pythons (D:1)
  7 bats
  2 giant cockroaches
  3 goblins
  4 hobgoblins
  7 jackals (D:1)
  2 kobolds
  2 quokkas (D:3)
  3 giant newts
  5 rats (D:1)
43 creatures vanquished.

Notes
Turn   | Place    | Note
--------------------------------------------------------------
     0 | D:1      | Gagarin the Ghoul Gladiator began the quest for the Orb.
     0 | D:1      | Reached XP level 1. HP: 17/17 MP: 0/0
    88 | D:1      | Reached XP level 2. HP: 22/24 MP: 1/1
   555 | D:1      | Reached XP level 3. HP: 27/30 MP: 2/2
  1124 | D:2      | Reached skill level 4 in Unarmed Combat
  1473 | D:3      | Reached XP level 4. HP: 35/37 MP: 3/3
  1520 | D:3      | Reached skill level 1 in Armour
  1667 | D:3      | Slain by an adder

Vault maps used:
D:1:      ncdulo_lavacross
D:2:      amethyst_overflow_temple_binary
D:3:      first_bread

Action                   |  1- 3 |  4- 6 || total
-------------------------+-------+-------++-------
Melee: Unarmed           |   127 |    33 ||   160
  Use: Potion            |       |     2 ||     2
  Eat: Chunk             |     8 |     4 ||    12
